 Dungeon Crawl Stone Soup version 0.28.0-47-ge53b351184 (webtiles) character file.

Game seed: 5720527064183708826

647 H0rd4k the Magician (level 7, -2/36 HPs)
             Began as a Deep Elf Hedge Wizard on Apr 25, 2022.
             Slain by Edmund
             ... wielding a +1 flail of venom
              (11 damage)
             ... on level 5 of the Dungeon.
             The game lasted 00:05:13 (4517 turns).

H0rd4k the Magician (Deep Elf Hedge Wizard)         Turns: 4517, Time: 00:05:14

Health: -2/36      AC:  2    Str:  7    XL:     7   Next: 27%
Magic:  0/18       EV: 13    Int: 21    God:
Gold:   107        SH:  0    Dex: 14    Spells: 9/18 levels left

rFire   . . .      SeeInvis .   a - +0 dagger
rCold   . . .      Faith    .   (no shield)
rNeg    . . .      Spirit   .   b - +0 robe
rPois   .          Reflect  .   c - +0 hat
rElec   .          Harm     .   (no cloak)
rCorr   .          Rampage  .   (no gloves)
Will    +....                   (no boots)
Stlth   +++.......              (no amulet)
HPRegen 0.12/turn               m - ring of willpower
MPRegen 0.16/turn               (no ring)

@: on blink cooldown
A: no striking features
a: no special abilities


You were on level 5 of the Dungeon.
You visited 1 branch of the dungeon, and saw 6 of its levels.

You collected 107 gold pieces.

Inventory:

Hand Weapons
 a - a +0 dagger (weapon)
Armour
 b - a +0 robe (worn)
 c - a +0 hat (worn)
Magical Staves
 k - a staff of cold
Jewellery
 m - a ring of willpower (left hand)
Wands
 r - a wand of polymorph (14)
Scrolls
 d - a scroll of holy word
 e - a scroll of identify
 f - 2 scrolls of amnesia {unknown}
 g - 2 scrolls of blinking
 i - a scroll of fear {unknown}
 l - a scroll of torment {unknown}
 n - a scroll of magic mapping {unknown}
Potions
 h - a potion of heal wounds
 j - a potion of curing {unknown}
 o - a potion of degeneration {unknown}
 p - 2 potions of ambrosia {unknown}
 q - 2 potions of brilliance {unknown}


   Skills:
 + Level 0.2 Fighting
 + Level 0.1 Short Blades
 + Level 3.2 Dodging
 * Level 5.0 Stealth
 + Level 6.4 Spellcasting
 + Level 4.1 Conjurations
 + Level 1.1 Summonings
 + Level 1.1 Translocations
 * Level 2.2 Fire Magic
 * Level 2.4 Air Magic
 * Level 2.3 Poison Magic


You had 9 spell levels left.
You knew the following spells:

 Your Spells              Type           Power      Damage    Failure   Level
a - Magic Dart            Conj           96%        1d7       1%          1
b - Blink                 Tloc           22%        N/A       9%          2
c - Conjure Flame         Conj/Fire      20%        6-21      8%          3
d - Mephitic Cloud        Conj/Pois/Air  19%        N/A       9%          3

Your spell library contained the following spells:

 Spells                   Type           Power      Damage    Failure   Level
 Call Imp                 Summ           11%        N/A       9%          2
 Slow                     Hex            24%        N/A       10%         1


Dungeon Overview and Level Annotations

Branches:
Dungeon (6/15)             Temple (0/1) D:5

Altars:

Shops:
D:5 ?

Annotations:
D:5 exclusion: downstairs, Edmund


Message History

Confirm with . or Enter, or press ? or * to list all spells.
You don't have enough magic to cast this spell.
Unknown command.
Casting: Blink (safe; 9% risk of failure)
Confirm with . or Enter, or press ? or * to list all spells.
You don't have enough magic to cast this spell.
A scorpion is nearby!
Unknown command.
Casting: Blink (safe; 9% risk of failure)
Confirm with . or Enter, or press ? or * to list all spells.
You don't have enough magic to cast this spell.
A scorpion is nearby!
Unknown command.
You feel sick.
You feel sick.
You feel sick.
You feel stable enough to blink again.
You feel sick.
You are no longer poisoned.
Casting: Blink (safe; 9% risk of failure)
Confirm with . or Enter, or press ? or * to list all spells.
You blink.
You open the door.
You feel stable enough to blink again.
There is an open door here.
The scorpion misses you.
Casting: Blink (safe; 9% risk of failure)
Confirm with . or Enter, or press ? or * to list all spells.
You blink.
Edmund hits you with a +1 flail of venom.
* * * LOW HITPOINT WARNING * * *
The scorpion barely misses you.
Unknown command.
Okay, then.
As you read the scroll labelled NYM IMECVES, it crumbles to dust.
It is a scroll of identify.
h - a potion of heal wounds The scorpion closely misses you.
Edmund hits you with a +1 flail of venom!
You die...

# ######## # #... .(# #
######.# #.# #
#......####.###
############......#.......
.......§s@@'..............
############......#.##.###
#......#.##....
######.#+###### #......##)
#.......). #####......)#.
# #...........#. .#
#.∩.........#.


You could see Edmund and a scorpion.

Vanquished Creatures
  Sigmund (D:4)
  A water moccasin (D:6)
  An ogre (D:4)
  A scorpion (D:5)
  2 jellies
  An orc priest (D:4)
  Jessica (D:2)
  A killer bee zombie (D:6)
  A hound zombie (D:5)
  An adder (D:2)
  2 worms (D:2)
  3 dart slugs
  7 orcs
  4 ball pythons
  4 bats
  2 endoplasms
  7 giant cockroaches
  5 goblins
  8 hobgoblins
  5 kobolds
  5 quokkas
  A frilled lizard (D:1)
  5 rats
69 creatures vanquished.

Notes
Turn   | Place    | Note
-------+----------+-------------------------------------------
     0 | D:1      | H0rd4k the Deep Elf Hedge Wizard began the quest for the
                  | Orb.
     0 | D:1      | Reached XP level 1. HP: 10/10 MP: 7/7
   362 | D:1      | Reached XP level 2. HP: 15/15 MP: 3/9
  1124 | D:2      | Reached skill level 5 in Spellcasting
  1283 | D:2      | Reached XP level 3. HP: 19/19 MP: 9/11
  1286 | D:2      | Learned a level 2 spell: Blink
  1290 | D:2      | Learned a level 3 spell: Conjure Flame
  1294 | D:2      | Learned a level 3 spell: Mephitic Cloud
  1648 | D:2      | Identified the +3 ring mail "Ficvaga" {rPois}
  2422 | D:2      | Noticed Jessica
  2430 | D:2      | Killed Jessica
  2431 | D:2      | Reached XP level 4. HP: 24/24 MP: 5/13
  2860 | D:3      | Reached skill level 1 in Air Magic
  3475 | D:4      | Reached XP level 5. HP: 28/28 MP: 11/14
  3565 | D:4      | Reached skill level 1 in Fire Magic
  3565 | D:4      | Reached skill level 1 in Poison Magic
  3679 | D:4      | Noticed an ogre
  3692 | D:4      | Killed an ogre
  3811 | D:4      | Noticed Sigmund
  3827 | D:4      | Killed Sigmund
  3828 | D:4      | Reached skill level 6 in Spellcasting
  3828 | D:4      | Reached XP level 6. HP: 22/32 MP: 1/17
  4015 | D:4      | You fall into a shaft and drop 2 floors!
  4015 | D:6      | Noticed an ice beast
  4046 | D:6      | Noticed a water moccasin
  4057 | D:6      | Killed a water moccasin
  4058 | D:6      | Reached XP level 7. HP: 11/36 MP: 11/18
  4076 | D:5      | Entered Level 5 of the Dungeon
  4363 | D:5      | Found Cid Vugoleti's Magic Scroll Emporium.
  4451 | D:5      | Found a staircase to the Ecumenical Temple.
  4451 | D:5      | Noticed Edmund
  4487 | D:5      | Reached skill level 5 in Stealth
  4517 | D:5      | Slain by Edmund

Illustrated notes

Levels and vault maps discovered:
D:1:      dpeg_arrival_rhombi, layout_basic, hangedman_decor_push,
          nicolae_concentric_dashed_squares_wild
D:2:      layout_basic, uniq_jessica
D:3:      layout_rooms, dk_noncrumbling_3, minmay_misc_feat_pillars,
          corexii_shack
D:4:      minmay_octagon_keep, layout_loops_ring, guppyfry_shop_venom,
          uniq_sigmund
D:5:      layout_basic, minmay_temple_entry_water_ring, serial_shops, shop,
          uniq_edmund
D:6:      layout_basic, uniq_menkaure, uniq_prince_ribbit1

Skill      XL: |  1  2  3  4  5  6  7 |
---------------+----------------------+-----
Spellcasting   | 5 6 |  6.4
Dodging        | 3 |  3.2
Stealth        | 3 4 5 |  5.0
Conjurations   | 2 3 4 |  4.1
Air Magic      | 1 2 |  2.4
Fire Magic     | 1 2 |  2.2
Poison Magic   | 1 2 |  2.3
Fighting       | |  0.2
Short Blades   | |  0.1
Summonings     | |  1.1
Translocations | |  1.1

Action                   |  1- 3 |  4- 6 |  7- 9 || total
-------------------------+-------+-------+-------++-------
Melee: Dagger            |    11 |       |       ||    11
 Cast: Magic Dart        |   125 |    72 |    24 ||   221
       Conjure Flame     |       |     6 |     4 ||    10
       Mephitic Cloud    |       |     2 |     2 ||     4
       Blink             |       |     1 |     6 ||     7
Evoke: Wand              |       |     1 |       ||     1
  Use: Scroll            |       |     2 |     1 ||     3
Armor: Robe              |     8 |     2 |     1 ||    11
Dodge: Dodged            |    17 |    27 |     8 ||    52
